Workbook

Sheet Exercise 2
B1: Exercise 2
B2: Class Code Level–Extending Exposures Method
B4: Class Code | C4: NCCI 4/1/2018 Loss Costs | D4: Company Rates Effective 4/1/2018
B5: 7605 | C5: 1.4 | D5: 1.8
B6: 7720 | C6: 1.24 | D6: 1.33
B7: 8855 | C7: 0.12 | D7: 0.14
B8: 9015 | C8: 1.88 | D8: 2.33
B10: Class Code | C10: NCCI 4/1/2019 Loss Costs | D10: Company Rates Effective 8/1/2019
B11: 7605 | C11: 1.36 | D11: 1.72
B12: 7720 | C12: 1.34 | D12: 1.41
B13: 8855 | C13: 0.1 | D13: 0.13
B14: 9015 | C14: 2.02 | D14: 2.37
B16: For this exercise, assume the Designated Statistical Reporting (DSR) Level is loss costs.
B17: NCCI DSR Levels in effect for PY 2019 are the 4/1/2018 and 4/1/2019 NCCI loss costs.
B18: The carrier adopts the 4/1/2018 loss costs the day they go into effect.
B19: The carrier does not adopt the 4/1/2019 loss costs until 8/1/2019.
B21: To complete this exercise, please select answers for 2A through 2D:
B22: For 2A–2D, please select the correct carrier rates and loss costs for each class code.
B24: Once you've selected the loss costs and rates for 2A-2D, a loss cost multiplier (LCM) will calculate that will flow into the DSR premium calculation.
B25: Please check your answers in the 'Answer' tab.
B28: Class Code (1) | C28: First Policy Effective Date (2) | D28: Last Policy Effective Date (3) | E28: Earned Payroll (4) | F28: Carrier Rate (5) | G28: NCCI Loss Cost (6) | H28: Average Experience Modification Factor (7) | I28: Company Standard Premium (8) = [(4) / 100] x (5) x (7) | J28: DSR Level Premium (9) = [(4) / 100] x (6) x (7)
A29: 2A | B29: 9015 | C29: 43466 | D29: 43555 | E29: 35607468 | H29: 0.96 | I29: =IF(F29="","",E29/100*F29*H29) | J29: =IF(G29="","",E29/100*G29*H29) | K29: =IF(OR(F29="",G29=""), "PLEASE SELECT THE CARRIER RATE LOSS COST FOR THIS CLASS CODE", "") -> PLEASE SELECT THE CARRIER RATE LOSS COST FOR THIS CLASS CODE
A30: 2B | B30: 7605 | C30: 43556 | D30: 43677 | E30: 4037056 | H30: 0.96 | I30: =IF(F30="","",E30/100*F30*H30) | J30: =IF(G30="","",E30/100*G30*H30) | K30: =IF(OR(F30="",G30=""), "PLEASE SELECT THE CARRIER RATE LOSS COST FOR THIS CLASS CODE", "") -> PLEASE SELECT THE CARRIER RATE LOSS COST FOR THIS CLASS CODE
A31: 2C | B31: 8855 | C31: 43556 | D31: 43677 | E31: 34506804 | H31: 0.96 | I31: =IF(F31="","",E31/100*F31*H31) | J31: =IF(G31="","",E31/100*G31*H31) | K31: =IF(OR(F31="",G31=""), "PLEASE SELECT THE CARRIER RATE LOSS COST FOR THIS CLASS CODE", "") -> PLEASE SELECT THE CARRIER RATE LOSS COST FOR THIS CLASS CODE
A32: 2D | B32: 7720 | C32: 43678 | D32: 43830 | E32: 5846841 | H32: 0.96 | I32: =IF(F32="","",E32/100*F32*H32) | J32: =IF(G32="","",E32/100*G32*H32) | K32: =IF(OR(F32="",G32=""), "PLEASE SELECT THE CARRIER RATE LOSS COST FOR THIS CLASS CODE", "") -> PLEASE SELECT THE CARRIER RATE LOSS COST FOR THIS CLASS CODE
H33: Totals | I33: =IFERROR(I29+I30+I31+I32, "") | J33: =IFERROR(J29+J30+J31+J32, "")
D35: =IFERROR("Average LCM = "&TEXT(I33,"#,#")&"/"&TEXT(J33, "#,#")&" = "&TEXT(I33/J33,"#.###"), "Average LCM = ") -> Average LCM =
B37: PY 2019 Financial Call Premium Calculation
B38: Policy Period | E38: 1/1/2019 through 12/31/2019
B39: Net Premium | E39: 1425743
B40: Schedule Rating | E40: 124557
B41: Premium Discount | E41: 96455
B42: Company Standard Premium | E42: =E39-E40-E41 -> 1204731
B43: Expense Constant (EC) | E43: 25050
B44: Company Standard Premium used to calculate DSR Premium | E44: =E42-E43 -> 1179681
B45: Deviation/LCM | E45: =IFERROR(ROUND(I33/J33,3),"")
B46: DSR Premium | E46: =IFERROR(E44/E45, "")

Sheet Answer
B3: Class Code (1) | C3: First Policy Effective Date (2) | D3: Last Policy Effective Date (3) | E3: Earned Payroll (4) | F3: Carrier Rate (5) | G3: NCCI Loss Cost (6) | H3: Average Experience Modification Factor (7) | I3: Company Standard Premium (8) = [(4) / 100] x (5) x (7) | J3: DSR Level Premium (9) = [(4) / 100] x (6) x (7)
B4: 9015 | C4: 43466 | D4: 43555 | E4: 35607468 | F4: 2.33 | G4: 1.88 | H4: 0.96 | I4: 796467.84 | J4: 642643.58 | K4: =IF(AND(F4='Exercise 2'!F29, G4='Exercise 2'!G29), "Correct! ", "Please check your answer(s). Make sure to verify the policy effective dates to choose the right loss cost/rate.") -> Please check your answer(s). Make sure to verify the policy effective dates to choose the right loss cost/rate.
B5: 7605 | C5: 43556 | D5: 43677 | E5: 4037056 | F5: 1.8 | G5: 1.36 | H5: 0.96 | I5: 69760.328 | J5: 52707.803 | K5: =IF(AND(F5='Exercise 2'!F30, G5='Exercise 2'!G30), "Correct! ", "Please check your answer(s). Make sure to verify the policy effective dates to choose the right loss cost/rate.") -> Please check your answer(s). Make sure to verify the policy effective dates to choose the right loss cost/rate.
B6: 8855 | C6: 43556 | D6: 43677 | E6: 34506804 | F6: 0.14 | G6: 0.1 | H6: 0.96 | I6: 46377.145 | J6: 33126.532 | K6: =IF(AND(F6='Exercise 2'!F31, G6='Exercise 2'!G31), "Correct! ", "Please check your answer(s). Make sure to verify the policy effective dates to choose the right loss cost/rate.") -> Please check your answer(s). Make sure to verify the policy effective dates to choose the right loss cost/rate.
B7: 7720 | C7: 43678 | D7: 43830 | E7: 5846841 | F7: 1.41 | G7: 1.34 | H7: 0.96 | I7: 79142.84 | J7: 75213.763 | K7: =IF(AND(F7='Exercise 2'!F32, G7='Exercise 2'!G32), "Correct! ", "Please check your answer(s). Make sure to verify the policy effective dates to choose the right loss cost/rate.") -> Please check your answer(s). Make sure to verify the policy effective dates to choose the right loss cost/rate.
H8: Totals | I8: 991748.16 | J8: 803691.68
D10: ="Average LCM = "&TEXT(I8,"#,#")&"/"&TEXT(J8, "#,#")&" = "&TEXT(I8/J8,"#.###") -> Average LCM = 991,748/803,692 = 1.234
B12: Policy Period | E12: 1/1/2019 Through 12/31/2019
B13: Net Premium | E13: 1425743
B14: Schedule Rating | E14: 124557
B15: Premium Discount | E15: 96455
B16: Company Standard Premium | E16: =E13-E14-E15 -> 1204731
B17: Expense Constant (EC) | E17: 25050
B18: Company Standard Premium used to calculate DSR Premium | E18: =E16-E17 -> 1179681
B19: Deviation/LCM | E19: =IFERROR(ROUND(I8/J8,3),"") -> 1.234
B20: DSR Premium | E20: =IFERROR(E18/E19, "") -> 955981.36 | F20: =IF(E20='Exercise 2'!E46, "Correct!", "Please check your answer(s).") -> Please check your answer(s).

Sheet Lists
B3: NCCI Loss Costs | C3: Company Rates
B4: 0.1 | C4: 0.13
B5: 0.12 | C5: 0.14
B6: 1.24 | C6: 1.33
B7: 1.34 | C7: 1.41
B8: 1.36 | C8: 1.72
B9: 1.4 | C9: 1.8
B10: 1.88 | C10: 2.33
B11: 2.02 | C11: 2.37
